 Dungeon Crawl Stone Soup version 0.18-a0-1788-g92de1ac (webtiles) character file.

77 Mefis the Magician (level 4, -4/31 HPs)
             Began as a Human Wizard on Apr 20, 2016.
             Killed from afar by an orc wizard (9 damage)
             ... with a puff of flame
             ... on level 3 of the Dungeon.
             The game lasted 00:15:47 (2144 turns).

Mefis the Magician (Human Wizard)                   Turns: 2144, Time: 00:15:48

Health: -4/31      AC:  2    Str:  7    XL:     4   Next: 60%
Magic:  1/9        EV: 18    Int: 19    God:
Gold:   75         SH:  0    Dex: 17    Spells: 5 memorised, 0 levels left

rFire  . . .     SeeInvis .     t - +0 hunting sling
rCold  . . .     Gourm    .     a - +0 robe
rNeg   . . .     Faith    .     (no shield)
rPois  .         Spirit   .     b - +0 hat
rElec  .         Dismiss  .     (no cloak)
rCorr  .         Reflect  .     (no gloves)
SustAt .         Harm     .     (no boots)
MR     .....                    (no amulet)
Stlth  +++.......               (no ring)
                                (no ring)

@: agile, very slightly contaminated, not resistant to hostile enchantments,
fairly stealthy
A: no striking features
a: no special abilities


You were on level 3 of the Dungeon.
You were not hungry.

You visited 1 branch of the dungeon, and saw 3 of its levels.

You collected 75 gold pieces.

Inventory:

Hand Weapons
 t - a +0 hunting sling (weapon)
Missiles
 j - 21 arrows
 n - 22 sling bullets (quivered)
Armour
 a - a +0 robe (worn)
 b - a +0 hat (worn)
Magical Staves
 o - an uncursed staff of poison
Scrolls
 i - 4 scrolls of enchant weapon
 m - a scroll of magic mapping
 q - a scroll of remove curse {unknown}
 s - a scroll of teleportation {unknown}
Potions
 e - a potion of cure mutation {unknown}
 h - a potion of invisibility {unknown}
 k - a potion of flight {unknown}
 l - a potion of ambrosia {unknown}
 p - a potion of lignification {unknown}
 u - 2 potions of cancellation {unknown}
 w - 2 potions of heal wounds {unknown}
Books
 c - a book of Minor Magic

   Spells                             Type                      Level
   a - Magic Dart                     Conjuration                  1
   b - Blink                          Translocation                2
   c - Call Imp                       Summoning                    2
   d - Repel Missiles                 Charms/Air                   2
   e - Slow                           Hexes                        2
   f - Conjure Flame                  Conjuration/Fire             3
   g - Mephitic Cloud                 Conjuration/Poison/Air       3
Comestibles
 f - a slice of pizza
 g - a chunk of flesh
 r - a meat ration


   Skills:
 + Level 0.6 Fighting
 + Level 0.6 Staves
 + Level 0.2 Slings
 + Level 2.9 Dodging
 + Level 2.1 Stealth
 + Level 3.7 Spellcasting
 + Level 1.2 Conjurations
 + Level 1.3 Summonings
 + Level 1.0 Translocations
 + Level 0.2 Poison Magic


You couldn't memorise any spells.
You knew the following spells:

 Your Spells              Type           Power        Failure   Level  Hunger
a - Magic Dart            Conj           #...         10%         1    None
b - Call Imp              Summ           #.......     14%         2    ##.....
c - Blink                 Tloc           N/A          17%         2    ##.....
d - Repel Missiles        Chrm/Air       #.....       24%         2    ##.....
e - Mephitic Cloud        Conj/Pois/Air  #.......     38%         3    ###....


Dungeon Overview and Level Annotations

Branches:
Dungeon (3/15)

Altars:


Message History

Things that are here:
2 sling bullets; a war axe You see here a sling bullet.
A magic dart appears from out of thin air!
The magic dart hits you!
* * * LOW HITPOINT WARNING * * *
You open the door.
Drink which item? (? for menu, Esc to quit)
It was a potion of agility.
You feel agile all of a sudden. Something hits you but does no damage.
There is an open door here.
Something is blocking the doorway!
You hear some strange, mumbled words.
A puff of flame appears from out of thin air!
The puff of flame misses you.
You hear some strange, mumbled words.
A puff of flame appears from out of thin air!
The puff of flame hits you!
You die...

######## #......##+##
######### ##..........#
....(.(.#####...$.......#
.(..........'...........#
. ...###(#####@..........#
... #.(####...........#
.....###.)...#.......#####
.....'.'.....'...........
.....###.....#...###.####
... #...(.#...# .# .
#....†##### .# #.......#
.# ##(..(..#


There were no monsters in sight!

Vanquished Creatures
  An adder (D:2)
  A dart slug (D:1)
  A giant gecko (D:2)
  3 orcs (D:3)
  2 ball pythons
  3 giant cockroaches
  7 goblins
  3 hobgoblins
  6 bats
  A giant newt (D:1)
  5 kobolds
  4 rats
37 creatures vanquished.

Vanquished Creatures (collateral kills)
  An adder (D:3)
  2 giant geckos (D:3)
  6 orcs (D:3)
  A bat (D:1)
  2 goblins (D:3)
  2 hobgoblins
  3 rats
17 creatures vanquished.

Grand Total: 54 creatures vanquished

Notes
Turn   | Place    | Note
--------------------------------------------------------------
     0 | D:1      | Mefis the Human Wizard began the quest for the Orb.
     0 | D:1      | Reached XP level 1. HP: 13/13 MP: 4/4
   225 | D:1      | Reached XP level 2. HP: 10/19 MP: 3/6
   234 | D:1      | Learned a level 2 spell: Call Imp
   237 | D:1      | Learned a level 2 spell: Blink
   240 | D:1      | Learned a level 2 spell: Repel Missiles
  1074 | D:1      | Reached XP level 3. HP: 24/24 MP: 6/8
  1720 | D:2      | Reached XP level 4. HP: 17/31 MP: 1/9
  1727 | D:2      | Learned a level 3 spell: Mephitic Cloud
  2144 | D:3      | Killed from afar by an orc wizard

Vault maps used:
D:1:      elethiomel_arrival_infinity_welcomes_careful_drivers
D:3:      uniq_robin

Action                   |  1- 3 |  4- 6 || total
-------------------------+-------+-------++-------
Melee: Club              |    39 |       ||    39
       Unarmed           |     5 |       ||     5
       Staff             |    27 |     9 ||    36
 Fire: Hunting sling     |       |    10 ||    10
Throw: Tomahawk          |       |     4 ||     4
 Cast: Magic Dart        |    50 |     7 ||    57
       Call Imp          |     4 |     7 ||    11
       Mephitic Cloud    |       |     2 ||     2
  Use: Scroll            |     2 |       ||     2
       Potion            |       |     1 ||     1
 Stab: Sleeping          |     1 |     1 ||     2
  Eat: Bread ration      |     1 |       ||     1
Armor: Robe              |    19 |     2 ||    21
Dodge: Dodged            |    89 |    18 ||   107
